 Dungeon Crawl Stone Soup version 0.26.0-16-gc1dbca0489 (webtiles) character file.

Game seed: 3464585041512906709

72 Gadfly the Chopper (level 4, -4/35 HPs)
             Began as a Demonspawn Monk on Jan 21, 2021.
             Killed from afar by a white imp (8 damage)
             ... with a puff of frost
             ... summoned by Natasha
             ... on level 2 of the Dungeon.
             The game lasted 00:02:01 (2433 turns).

Gadfly the Chopper (Demonspawn Monk)                Turns: 2433, Time: 00:02:02

Health: -4/35      AC:  2    Str: 13    XL:     4   Next: 6%
Magic:  4/4        EV: 13    Int: 11    God:
Gold:   178        SH:  4    Dex: 15    Spells: 3/3 levels left

rFire    . . .     SeeInvis .   a - +1 hand axe
rCold    . . .     Faith    .   (no shield)
rNeg     . . .     Spirit   .   b - +0 robe
rPois    .         Reflect  .   (helmet restricted)
rElec    .         Harm     .   (no cloak)
rCorr    .         Rampage  .   (no gloves)
Will     .....                  (no boots)
Stlth    ++........             (no amulet)
HPRegen  0.11/turn              (no ring)
MPRegen  0.09/turn              (no ring)

@: slowed, very slow
A: antennae 1, large bone plates 1, powered by pain 1
a: no special abilities


You were on level 2 of the Dungeon.
You visited 1 branch of the dungeon, and saw 2 of its levels.

You collected 178 gold pieces.

Inventory:

Hand Weapons
 a - a +1 hand axe (weapon)
Armour
 b - a +0 robe (worn)
Potions
 c - a potion of ambrosia {unknown}
 g - a potion of might
 h - a potion of flight {unknown}


   Skills:
 - Level 3.0 Fighting
 * Level 3.7 Axes
 * Level 2.2 Armour
 - Level 2.6 Dodging
 - Level 1.7 Stealth


You had 3 spell levels left.
You didn't know any spells.
Your spell library was empty.

Dungeon Overview and Level Annotations

Branches:
Dungeon (2/15)

Altars:

Annotations:
D:2 1 runed translucent door, Crazy Yiuf, Natasha


Innate Abilities, Weirdness & Mutations

You have a pair of small antennae on your head.
You are partially covered in large bone plates. (SH +4)
You sometimes gain a little power by taking damage.


Message History

You barely miss the iron imp. You hit the crimson imp.
You closely miss the white imp. The white imp misses you.
You block the crimson imp's attack. Natasha closely misses you.
The iron imp closely misses you. The white imp closely misses you.
You hit Natasha.
Natasha is severely wounded.
You hit the iron imp. You hit the crimson imp. You hit the white imp.
The crimson imp lashes its tail.
The crimson imp barely misses you. Natasha closely misses you.
The iron imp misses you. The white imp misses you. The crimson imp misses you.
Natasha claws you.
* * * LOW HITPOINT WARNING * * *
Okay, then.
You hit Natasha but do no damage.
Natasha is severely wounded.
You barely miss the iron imp. You miss the crimson imp.
You closely miss the white imp. The white imp gestures at you.
The puff of frost hits you!
You die...

#........# ####.##.#
#........# ###.......#
#############..>###.###
###..>#####.######
#...#####.........
######.####....########
#.......#...#.###
#...............#
#...?.@5#.....†.#
#....55h#............
#.$.....#[......#####
#########.......#
#.>.....# #########


You could see an iron imp (summoned), Natasha, a crimson imp (summoned) and a
white imp (summoned).

Vanquished Creatures
  An adder (D:2)
  An ooze (D:1)
  2 worms (D:2)
  3 dart slugs (D:1)
  A leopard gecko (D:2)
  2 ball pythons
  3 giant cockroaches (D:2)
  10 goblins
  5 hobgoblins
  3 kobolds
  A quokka (D:2)
  3 bats
  4 frilled lizards
  3 rats
42 creatures vanquished.

Notes
Turn   | Place    | Note
-------+----------+-------------------------------------------
     0 | D:1      | Gadfly the Demonspawn Monk began the quest for the Orb.
     0 | D:1      | Reached XP level 1. HP: 18/18 MP: 1/1
   269 | D:1      | Reached skill level 1 in Armour
   269 | D:1      | Gained mutation: You sometimes gain a little power by
                  | taking damage. [demonic ancestry]
   269 | D:1      | Reached XP level 2. HP: 23/24 MP: 2/2
   689 | D:1      | HP: 1/24 [dart slug/slug dart (7)]
   695 | D:1      | Gained mutation: You have a pair of small antennae on your
                  | head. [demonic ancestry]
   695 | D:1      | Reached XP level 3. HP: 1/29 MP: 3/3
  1965 | D:2      | Found a runed translucent door.
  1966 | D:2      | Noticed Crazy Yiuf
  2205 | D:2      | Gained mutation: You are partially covered in large bone
                  | plates. (SH +4) [demonic ancestry]
  2205 | D:2      | Reached XP level 4. HP: 15/35 MP: 4/4
  2419 | D:2      | Noticed Natasha
  2433 | D:2      | Killed from afar by a white imp

Illustrated notes

Levels and vault maps discovered:
D:1:      dpeg_arrival_erosion, layout_basic, minmay_stone_trees_medium
D:2:      layout_rooms, tgw_kikubaaqudgha, uniq_natasha, uniq_crazy_yiuf_cottage

Skill      XL: |  1  2  3 |
---------------+----------+-----
Axes           | 3 |  3.7
Armour         | 1 2 |  2.2
Fighting       | |  3.0
Dodging        | |  2.6
Stealth        | |  1.7

Action                   |  1- 3 |  4- 6 || total
-------------------------+-------+-------++-------
Melee: Hand axe          |   128 |    17 ||   145
  Use: Scroll            |     2 |     2 ||     4
       Potion            |       |     2 ||     2
 Stab: Sleeping          |     7 |     1 ||     8
Armor: Robe              |    20 |       ||    20
Dodge: Dodged            |    84 |    14 ||    98
Block: Other             |       |     3 ||     3
